 Dungeon Crawl Stone Soup version 0.29.1-1-gd02db6906a (webtiles) character file.

Game seed: 8077490192577307127

537 xian the Chopper (level 7, -6/66 HPs)
             Began as a Naga Fighter on Oct 5, 2022.
             Mangled by a blink frog (9 damage)
             ... on level 5 of the Dungeon.
             The game lasted 00:09:34 (4416 turns).

xian the Chopper (Naga Fighter)                     Turns: 4416, Time: 00:09:35

Health: -6/66      AC: 11    Str: 21    XL:     7   Next: 25%
Magic:  7/7        EV:  7    Int:  8    God:
Gold:   134        SH:  4    Dex: 10    Spells: 6/6 levels left

rFire   . . .      SeeInvis +   a - +1 war axe
rCold   . . .      Faith    .   c - +0 buckler
rNeg    . . .      Spirit   .   b - +0 scale mail
rPois   +          Reflect  .   l - +1 hat
rElec   .          Harm     .   (no cloak)
rCorr   .          Rampage  .   (no gloves)
Will    .....                   (no barding)
Stlth   ..........              h - amulet of the acrobat
HPRegen 0.21/turn               w - +4 ring of protection
MPRegen 0.10/turn               (no ring)

@: mighty, studying Maces & Flails, very slow
A: AC +2, large, see invisible, deformed body, poison resistance, slowness 2,
spit poison 1, naga tail 1
a: Spit Poison


You were on level 5 of the Dungeon.
You visited 1 branch of the dungeon, and saw 5 of its levels.

You collected 134 gold pieces.

Inventory:

Hand Weapons
 a - a +1 war axe (weapon)
Missiles
 g - 51 stones
 k - 10 poisoned darts (quivered)
Armour
 b - a +0 scale mail (worn)
 c - a +0 buckler (worn)
 l - a +1 hat (worn)
 v - a +0 robe of the Archmagi
Jewellery
 h - an amulet of the acrobat (around neck)
 w - a +4 ring of protection (left hand)
Wands
 q - a wand of polymorph (9)
Scrolls
 e - a scroll of enchant armour {unknown}
 i - a scroll of torment {unknown}
 j - 5 scrolls of teleportation
 m - a scroll of vulnerability
 n - 3 scrolls of enchant weapon
 p - 2 scrolls of magic mapping {unknown}
 r - a scroll of summoning
Potions
 d - a potion of might
 f - a potion of brilliance {unknown}
 s - 3 potions of flight {unknown}
 t - a potion of attraction {unknown}


   Skills:
 + Level 4.4 Fighting
 + Level 4.6 Axes
 + Level 1.1 Throwing
 + Level 4.0 Armour
 + Level 0.5 Dodging
 + Level 1.9 Stealth
 + Level 3.3 Shields
 + Level 0.1 Unarmed Combat


You had 6 spell levels left.
You didn't know any spells.
Your spell library contained the following spells:

 Spells                   Type           Power      Damage    Failure   Level
 Frozen Ramparts          Ice            0%         1d1       99%         3
 Ice Form                 Ice/Tmut       0%         N/A       100%        4
 Summon Ice Beast         Ice/Summ       0%         N/A       100%        4


Dungeon Overview and Level Annotations

Branches:
Dungeon (5/15)
 Temple: D:4-7

Altars:
Qazlal

Shops:
D:3 =

Portals:
Abyss: D:1***


Innate Abilities, Weirdness & Mutations

Your serpentine skin is tough. (AC +2)
You have supernaturally acute eyesight. (SInv)
Armour fits poorly on your strangely shaped body.
Your system is resistant to poisons. (rPois)
You cover ground very slowly.
You can spit poison.
You have a snake-like lower body.


Message History

The blink frog blinks! x2
The iguana attacks as you move away!
The iguana bites you but does no damage.
The blink frog blinks!
The iguana bites you!
* * * LOW HITPOINT WARNING * * *
Unknown command.
Okay, then.
You feel better. You block the iguana's attack.
The blink frog blinks!
You feel very mighty all of a sudden. The blink frog barely misses you.
The iguana bites you but does no damage.
You slash the blink frog!
The blink frog is heavily wounded.
You slash the iguana! The blink frog hits you!
* * * LOW HITPOINT WARNING * * *
The blink frog blinks!
The iguana bites you but does no damage.
Unknown command.
Unknown command.
You closely miss the iguana.
The iguana is severely wounded.
The iguana bites you but does no damage.
The blink frog hits you.
* * * LOW HITPOINT WARNING * * *
The blink frog blinks!
You slash the iguana!
You kill the iguana!
You see here an iguana corpse.
Unknown command.
You are too injured to fight recklessly!
Throw: 11 darts (poison)
Press: ? - help, Q - select action, (/) - cycle Shift-Dir - straight line, f/p - blink frog
Aim: a blink frog (heavily wounded, 34% to hit)
You throw a poisoned dart.
The poisoned dart misses the blink frog.
Unknown command.
You closely miss the blink frog.
The blink frog is heavily wounded.
The blink frog hits you!
You die...

###### #....# # #....# #.
#############....#### +..
+>.....F@...'.......#
###.$.#..##########.......#
(.....'...<.## #.......#
.#....#####..######.......#
#.... #..........+........
#... #.....######........
#... #.....# #........ #..
####### #####.... #..


You could see a blink frog.

Vanquished Creatures
  Sigmund (D:3)
  3 orc priests
  An iguana (D:5)
  Natasha (twice) (D:3)
  2 orc wizards (D:4)
  Terence (D:3)
  Robin (D:2)
  3 gnolls (D:3)
  3 adders
  An ufetubus (D:4)
  A dart slug (D:1)
  9 orcs
  3 ball pythons
  5 bats
  3 endoplasms
  A giant cockroach (D:2)
  8 hobgoblins
  4 quokkas
  A frilled lizard (D:2)
  14 goblins
  4 kobolds
  4 rats (D:1)
75 creatures vanquished.

Vanquished Creatures (others)
  A fungus (D:2)
  4 plants
5 creatures vanquished.

Grand Total: 80 creatures vanquished

Notes
Turn   | Place    | Note
-------+----------+-------------------------------------------
     0 | D:1      | xian the Naga Fighter began the quest for the Orb.
     0 | D:1      | Reached XP level 1. HP: 21/21 MP: 1/1
    85 | D:1      | Reached XP level 2. HP: 24/28 MP: 2/2
   791 | D:2      | Noticed Robin
   798 | D:2      | Reached XP level 3. HP: 22/34 MP: 3/3
  1017 | D:2      | Killed Robin
  1066 | D:2      | Found a faded altar of an unknown god.
  1473 | D:2      | Reached XP level 4. HP: 39/42 MP: 4/4
  1998 | D:3      | Reached XP level 5. HP: 49/49 MP: 5/5
  2007 | D:3      | Noticed Natasha
  2014 | D:3      | Killed Natasha
  2190 | D:3      | Noticed Sigmund
  2205 | D:3      | Killed Sigmund
  2206 | D:3      | Reached XP level 6. HP: 34/57 MP: 6/6
  2433 | D:3      | Found Veuciu's Jewellery Shoppe.
  2507 | D:3      | Noticed Natasha
  2527 | D:3      | Found a stormy altar of Qazlal.
  2529 | D:3      | Noticed Terence
  2539 | D:3      | Killed Terence
  2540 | D:3      | Reached skill level 1 in Stealth
  3424 | D:3      | Killed Natasha
  3425 | D:3      | Reached skill level 1 in Throwing
  3639 | D:4      | Reached XP level 7. HP: 64/64 MP: 7/7
  4352 | D:5      | Entered Level 5 of the Dungeon
  4400 | D:5      | Noticed a blink frog
  4400 | D:5      | an ice beast changed into a blink frog
  4408 | D:5      | HP: 1/64 [iguana (8)]
  4416 | D:5      | Mangled by a blink frog

Illustrated notes

Levels and vault maps discovered:
D:1:      minmay_arrival_glassed_features, layout_basic, serial_forest,
          infiniplex_forest_straight_5, infiniplex_forest_clump_double,
          infiniplex_forest_end_3, infiniplex_forest_lined_4_way,
          infiniplex_forest_lined_room_2, infiniplex_forest_fountain
D:2:      layout_loops_ring, shapermc_ecumenical_altar_acropolis,
          minmay_curled_crystal, uniq_robin
D:3:      layout_rooms, general_overflow_altar, serial_shops,
          nicolae_shop_competitors_out_of_business, serial_co_window_serial,
          co_window_cross_1, co_window_corner_a, co_window_paths_b,
          co_window_cross_1, co_window_of_opportunity_a, co_window_paths_a,
          co_window_paths_a, co_window_corner_ca, co_window_broadway_b,
          co_window_broadway_c, co_window_unsneaky_path_c, co_window_corner_cb,
          co_window_of_opportunity_b, glass_columns_a, glass_columns_b,
          glass_columns_a, chequers_decorated_corner, chequers_avenue,
          st_stairs_2, uniq_natasha, uniq_terence, uniq_sigmund
D:4:      layout_basic
D:5:      layout_basic, nicolae_vehumet_radiance, minmay_temple_entry_offerings,
          lexackson_kobold_supper, uniq_crazy_yiuf_cottage

Skill      XL: |  1  2  3  4  5  6  7 |
---------------+----------------------+-----
Shields        | 3 |  3.3
Armour         | 3 4 |  4.0
Axes           | 3 4 |  4.6
Fighting       | 4 |  4.4
Stealth        | 1 |  1.9
Throwing       | 1 |  1.1
Dodging        | |  0.5
Unarmed Combat | |  0.1

Action                   |  1- 3 |  4- 6 |  7- 9 || total
-------------------------+-------+-------+-------++-------
Melee: War axe           |    47 |    67 |    36 ||   150
       Unarmed           |     2 |       |       ||     2
Throw: Dart              |       |    26 |     5 ||    31
       Stone             |       |     1 |       ||     1
 Abil: Spit Poison       |    19 |    18 |     6 ||    43
Evoke: Wand              |       |       |     2 ||     2
  Use: Potion            |       |     1 |     2 ||     3
       Scroll            |       |       |     5 ||     5
Armor: Scale mail        |    25 |    12 |    21 ||    58
Dodge: Dodged            |    26 |    52 |    19 ||    97
Block: Buckler           |    20 |    18 |     5 ||    43
